 Dungeon Crawl Stone Soup version 0.31.0 (webtiles) character file.

Game seed: 9994068332886978711

6591 BubbleThief the Geomancer (level 11, -8/64 HPs)
             Began as a Gargoyle Earth Elementalist on Jan 20, 2024.
             Was a Believer of Vehumet.
             Mangled by a two-headed ogre
             ... wielding a +0 giant club
              (32 damage)
             ... on level 9 of the Dungeon.
             The game lasted 00:18:37 (8557 turns).

BubbleThief the Geomancer (GrEE)                    Turns: 8557, Time: 00:18:38

Health: -8/64      AC: 12    Str: 13    XL:     11   Next: 2%
Magic:  5/20       EV: 11    Int: 19    God:    Vehumet [**....]
Gold:   561        SH:  6    Dex: 16    Spells: 10/22 levels left

rFire   + . .        E - staff of earth
rCold   . . .        k - +0 buckler
rNeg    + + .        A - +1 leather armour {rF+}
rPois   ∞            (no helmet)
rElec   +            F - scarf {harm}
rCorr   .            (no gloves)
SInv    .            (no boots)
Will    .....        v - amulet of regeneration
Stlth   ++           J - +6 ring of dexterity
HPRegen 1.10/turn    l - ring of positive energy
MPRegen 0.17/turn

%: harm (+30% outgoing, +20% incoming)
@: no status effects
A: sickness immunity, AC +8, negative energy resistance 1, electricity
resistance, torment resistance 1, petrification resistance
a: Renounce Religion


You were on level 9 of the Dungeon.
You worshipped Vehumet.
Vehumet was pleased with you.
You visited 2 branches of the dungeon, and saw 10 of its levels.

You collected 561 gold pieces.

Inventory:

Hand Weapons
 d - a +0 mace
 g - a +2 short sword of speed
Armour
 a - a +0 robe
 h - a +0 cloak
 k - a +0 buckler (worn)
 A - a +1 leather armour of fire resistance (worn)
 F - a scarf of harm (worn)
Magical Staves
 E - a staff of earth (weapon)
Jewellery
 l - a ring of positive energy (right hand)
 q - a ring of ice
 v - an amulet of regeneration (around neck)
 J - a +6 ring of dexterity (left hand)
Wands
 G - a wand of iceblast (9)
 I - a wand of paralysis (3)
 K - a wand of acid (6)
Scrolls
 e - 2 scrolls of amnesia {unknown}
 f - a scroll of enchant weapon {unknown}
 m - 5 scrolls of teleportation {unknown}
 p - 3 scrolls of revelation {unknown}
 r - a scroll of poison {unknown}
 s - a scroll of immolation {unknown}
 t - a scroll of summoning {unknown}
 u - 5 scrolls of identify {unknown}
 w - 2 scrolls of torment {unknown}
 x - 4 scrolls of fog {unknown}
 y - a scroll of fear {unknown}
 z - 4 scrolls of noise {unknown}
 B - 4 scrolls of vulnerability {unknown}
Potions
 b - a potion of magic
 c - a potion of brilliance {unknown}
 i - 2 potions of lignification {unknown}
 j - 3 potions of heal wounds {unknown}
 n - a potion of haste {unknown}
 o - a potion of enlightenment {unknown}
 C - a potion of resistance {unknown}
 D - a potion of attraction {unknown}
 H - a potion of curing {unknown}


   Skills:
 + Level 6.3 Fighting
 - Level 5.0 Armour
 - Level 1.5 Dodging
 - Level 2.1 Stealth
 + Level 6.2 Shields
 - Level 6.0 Spellcasting
 - Level 7.5 Conjurations
 - Level 12.0 Earth Magic


You had 10 spell levels left.
You knew the following spells:

 Your Spells              Type           Power      Damage    Failure   Level
a - Sandblast             Erth           100%       2d20      1%          1
b - Stone Arrow           Conj/Erth      100%       3d13      1%          3
c - Brom's Barrelling Bo  Conj/Erth      59%        2d7       3%          4
d - Animate Armour        Summ/Erth      84%        N/A       16%         4

Your spell library contained the following spells:

 Spells                   Type           Power      Damage    Failure   Level
 Kiss of Death            Conj/Necr      80%        2d11      3%          1
 Passwall                 Erth           67%        N/A       1%          3
 Shock                    Conj/Air       80%        1d8       3%          1
 Sting                    Conj/Alch      80%        1d8       3%          1
 Petrify                  Alch/Erth      42%        N/A       16%         4
 Apportation              Tloc           10%        N/A       19%         1
 Necrotise                Necr           20%        1d5       19%         1
 Summon Small Mammal      Summ           20%        N/A       19%         1
 Call Canine Familiar     Summ           5%         N/A       47%         3
 Swiftness                Air            5%         N/A       47%         3
 Arcjolt                  Conj/Air       10%        1d20      71%         5
 Airstrike                Air            2%         2d(1-17)  87%         4
 Summon Blazeheart Golem  Fire/Summ      5%         N/A       87%         4
 Vhi's Electric Charge    Tloc/Air       10%        N/A       87%         4
 Lehudib's Crystal Spear  Conj/Erth      29%        10d8      100%        8
 Maxwell's Capacitive Co  Air            2%         ∞         100%        8


Dungeon Overview and Level Annotations

Branches:
Dungeon (9/15)             Temple (1/1) D:6            Lair (0/5) D:8
    Orc: D:9-12

Altars:
Cheibriados
Dithmenos
Elyvilon
Fedhas
Gozag
Hepliaklqana
Kikubaaqudgha
Makhleb
Nemelex Xobeh
Okawaru
Ru
Sif Muna
Trog
Uskayaw
Vehumet
Wu Jian
Xom
Yredelemnul
Zin
The Shining One

Shops:
D:2 =

Annotations:
D:8 1 runed translucent door, BigPumpCobain's ghost, novice MiFi


Innate Abilities, Weirdness & Mutations

You are immune to sickness and miasma.
Your stone body is resilient. (AC +8)
You are immune to poison.
You resist negative energy. (rN+)
You are resistant to electric shocks. (rElec)
You are resistant to unholy torment.
You are immune to petrification.


Message History

Casting: Stone Arrow (safe; 1% risk of failure)
Confirm with . or Enter, or press ? or * to list all spells.
Aiming: Stone Arrow (safe; 1% risk of failure)
Press: ? - help, Shift-Dir - straight line, f/p - hornet
Aim: a hornet (almost dead, 66% to hit)
You feel a surge of power!
The stone arrow misses the hornet.
The stone arrow hits the gnoll!!
You kill the gnoll!
Vehumet accepts your kill. You block the hornet's attack.
The hornet stings you but does no damage.
Casting: Stone Arrow (safe; 1% risk of failure)
Confirm with . or Enter, or press ? or * to list all spells.
Aiming: Stone Arrow (safe; 1% risk of failure)
Press: ? - help, Shift-Dir - straight line, f - two-headed ogre, p - hornet
Aim: a two-headed ogre, wielding two +0 giant clubs (89% to hit)
You feel a surge of power!
The stone arrow hits the two-headed ogre!
The two-headed ogre is moderately wounded.
The hornet barely misses you.
The two-headed ogre hits you with a +0 giant club!!
The two-headed ogre misses you.
Unknown command.
Casting: Stone Arrow (safe; 1% risk of failure)
Confirm with . or Enter, or press ? or * to list all spells.
Aiming: Stone Arrow (safe; 1% risk of failure)
Press: ? - help, Shift-Dir - straight line, f/p - two-headed ogre
Aim: a two-headed ogre, wielding two +0 giant clubs (moderately wounded, 89% to hit)
Okay, then.
Aiming: Sandblast (safe; 1% risk of failure)
Press: ? - help, Q - select action, (/) - cycle Shift-Dir - straight line, f/p - two-headed ogre
Aim: a two-headed ogre, wielding two +0 giant clubs (moderately wounded, 93% to hit)
You feel a surge of power!
The blast of sand hits the two-headed ogre!
The two-headed ogre is heavily wounded.
The hornet closely misses you. You block the hornet's attack.
The hornet stings you!
The two-headed ogre hits you with a +0 giant club!!
Ouch! That really hurt!
You die...

.......## ........# ..
........######## .#
................##.###
.#...........##......
###...........##... #
#...........##)# ##.#
#
#........†.†..y#)...#
# ########.†.†..@O))#
#........###.#..#
....###...##.# ...#
... ###..#.# .... ..
#...# ... #... .. #.#.
. ...


You could see a two-headed ogre and a hornet.

Vanquished Creatures
  3 two-headed ogres
  A wyvern (D:7)
  A steam dragon (D:7)
  4 vampire mosquitoes (D:9)
  2 ice beasts
  Pargi (D:3)
  4 black bears
  2 orc warriors
  3 ogres
  3 centaurs
  2 kobold brigands (D:7)
  A bullfrog (D:7)
  A necrophage (D:4)
  A gnoll sergeant (D:7)
  2 scorpions (D:5)
  A wyvern skeleton (D:5)
  5 wights (D:7)
  10 killer bees (D:9)
  2 electric eels (D:8)
  5 howler monkeys
  4 crimson imps (D:4)
  4 hounds
  3 jellies (D:6)
  4 gnoll boudas
  An orc priest (D:8)
  A bullfrog skeleton (D:5)
  Jessica (D:2)
  6 iguanas
  3 orc wizards
  A killer bee zombie (D:5)
  A hound skeleton (D:4)
  24 gnolls
  13 adders
  2 shadow imps
  A white imp (D:7)
  An ufetubus (D:6)
  6 dart slugs
  3 ribbon worms
  The ghost of middlethird the Sneak, a weakling VSDe (D:5)
  22 orcs
  10 ball pythons
  6 endoplasms
  8 giant cockroaches
  9 hobgoblins
  4 jackals (D:1)
  3 quokkas
  3 bats
  2 goblins (D:2)
  15 kobolds
  2 rats
218 creatures vanquished.

Vanquished Creatures (others)
  2 boulders (D:7)
2 creatures vanquished.

Grand Total: 220 creatures vanquished

Notes
Turn   | Place    | Note
-------+----------+-------------------------------------------
     0 | D:1      | BubbleThief the Gargoyle Earth Elementalist began the quest
                  | for the Orb.
     0 | D:1      | Reached XP level 1. HP: 10/10 MP: 3/3
   227 | D:1      | Reached skill level 4 in Earth Magic
   227 | D:1      | Reached XP level 2. HP: 7/15 MP: 0/5
   684 | D:1      | Reached XP level 3. HP: 19/19 MP: 2/6
  1187 | D:2      | Found a shadowy altar of Dithmenos.
  1279 | D:2      | Reached XP level 4. HP: 24/24 MP: 4/8
  1282 | D:2      | Reached skill level 5 in Earth Magic
  1456 | D:2      | Noticed Jessica
  1464 | D:2      | Killed Jessica
  1760 | D:2      | Reached XP level 5. HP: 28/28 MP: 6/10
  2083 | D:2      | Found Zudairru's Jewellery Emporium.
  2161 | D:2      | Found a faded altar of an unknown god.
  2809 | D:3      | Noticed Pargi
  2893 | D:3      | Reached skill level 6 in Earth Magic
  2967 | D:3      | Reached XP level 6. HP: 32/32 MP: 9/12
  3075 | D:3      | Killed Pargi
  3138 | D:3      | Found a sacrificial altar of Ru.
  3231 | D:3      | You fall into a shaft and drop 1 floor!
  3599 | D:4      | Reached XP level 7. HP: 30/36 MP: 10/14
  3600 | D:4      | Reached skill level 7 in Earth Magic
  3729 | D:4      | Reached skill level 5 in Spellcasting
  3941 | D:4      | Found a shimmering altar of Xom.
  3981 | D:4      | Reached skill level 8 in Earth Magic
  4116 | D:4      | Reached XP level 8. HP: 41/41 MP: 12/16
  4166 | D:4      | Found a burning altar of Makhleb.
  4257 | D:5      | Entered Level 5 of the Dungeon
  4350 | D:5      | Found an opulent altar of Gozag.
  4461 | D:5      | Reached skill level 1 in Fighting
  4461 | D:5      | Reached skill level 1 in Armour
  4461 | D:5      | Reached skill level 1 in Shields
  4633 | D:5      | Found a runed translucent gate.
  4633 | D:5      | Found a runed translucent gate.
  4645 | D:5      | Found a runed translucent gate.
  4648 | D:5      | Noticed middlethird's ghost (weakling VSDe)
  4839 | D:5      | Killed middlethird's ghost
  4968 | D:6      | Found a glowing golden altar of the Shining One.
  5020 | D:6      | Found a sparkling altar of Nemelex Xobeh.
  5172 | D:6      | Learned a level 3 spell: Stone Arrow
  5230 | D:6      | Identified the +1 long sword of Punto {drain, SInv}
  5231 | D:6      | Noticed a two-headed ogre
  5234 | D:6      | Killed a two-headed ogre
  5235 | D:6      | Reached XP level 9. HP: 53/53 MP: 12/18
  5337 | D:6      | Found a staircase to the Ecumenical Temple.
  5352 | Temple   | Entered the Ecumenical Temple
  5383 | Temple   | Became a worshipper of Vehumet
  5431 | D:6      | Reached skill level 5 in Fighting
  5477 | D:6      | Reached skill level 5 in Armour
  5477 | D:6      | Reached skill level 5 in Shields
  5773 | D:6      | Found an iron altar of Okawaru.
  5780 | D:6      | Found an ancient bone altar of Kikubaaqudgha.
  5783 | D:6      | Reached skill level 9 in Earth Magic
  6332 | D:7      | Reached skill level 10 in Earth Magic
  6332 | D:7      | Reached * piety under Vehumet
  6332 | D:7      | Offered knowledge of Magic Dart by Vehumet.
  6352 | D:7      | Reached XP level 10. HP: 59/59 MP: 15/19
  6381 | D:7      | Reached skill level 5 in Conjurations
  6389 | D:7      | Learned a level 4 spell: Brom's Barrelling Boulder
  7619 | D:8      | Found a shimmering blue altar of Sif Muna.
  7680 | D:8      | Learned a level 4 spell: Animate Armour
  7690 | D:8      | Found a hazy altar of Hepliaklqana.
  7699 | D:8      | Found a staircase to the Lair.
  7719 | D:8      | Noticed a two-headed ogre
  7722 | D:8      | Killed a two-headed ogre
  7723 | D:8      | Reached skill level 11 in Earth Magic
  7859 | D:8      | Identified the +7 scimitar of the Beast {vamp, rF+}
  8266 | D:8      | Found a runed translucent door.
  8267 | D:8      | Noticed BigPumpCobain's ghost (novice MiFi)
  8363 | D:9      | Noticed a two-headed ogre
  8367 | D:9      | Killed a two-headed ogre
  8368 | D:9      | Reached skill level 12 in Earth Magic
  8423 | D:9      | Offered knowledge of Kiss of Death by Vehumet.
  8478 | D:9      | Found a snail-covered altar of Cheibriados.
  8497 | D:9      | Reached ** piety under Vehumet
  8547 | D:9      | Reached XP level 11. HP: 60/64 MP: 16/20
  8554 | D:9      | Noticed a two-headed ogre
  8557 | D:9      | Mangled by a two-headed ogre

Illustrated notes

Levels and vault maps discovered:
D:1:      psy_arrival_radial02, layout_basic
D:2:      layout_loops_corners, basic_altar,
          shapermc_ecumenical_altar_mp_vishouse, serial_shops,
          nicolae_shop_hallway_stairs, uniq_jessica
D:3:      layout_loops_ring, lemuel_crystal_altar, uniq_pargi
D:4:      layout_cave_pools, makhleb_blood_cavern_becter, led_xom_imps
D:5:      layout_cave_pools, general_overflow_altar, gammafunk_ghost_necromancy
D:6:      hangedman_cross_stitches, layout_loops_ring,
          nicolae_tso_carved_into_rock, mainiacjoe_overflow_six_doors_small,
          mainiacjoe_overflow_big_doors, serial_rivers,
          chequers_serial_rivers_large_a, chequers_serial_rivers_marsh,
          chequers_serial_rivers_large_b, chequers_serial_rivers_small_3,
          minmay_misc_feat_rows
D:7:      layout_layer_cave, nicolae_grassy_gnolls
D:8:      statuecave_lemuel, layout_basic, lemuel_blue_sif_altar,
          kennysheep_mini, dpeg_oklobed_lair, gammafunk_ghost_grave,
          minmay_misc_feat_x
D:9:      layout_rooms, amcnicky_altar_gilded
Temple:   hellmonk_temple_beads

Skill      XL: |  1  2  3  4  5  6  7  8  9 10 |
---------------+-------------------------------+-----
Earth Magic    | 4 5 6 8 10 12 | 12.0
Spellcasting   | 3 4 5 6 |  6.0
Fighting       | 4 5 6 |  6.3
Armour         | 4 5 |  5.0
Shields        | 4 5 6 |  6.2
Conjurations   | 4 7 |  7.5
Dodging        | |  1.5
Stealth        | |  2.1

Action                     |  1- 3 |  4- 6 |  7- 9 | 10-12 || total
---------------------------+-------+-------+-------+-------++-------
  Melee: Mace              |    16 |       |       |       ||    16
         Short sword       |     4 |       |       |       ||     4
   Cast: Sandblast         |    46 |    95 |   144 |    69 ||   354
         Stone Arrow       |       |       |       |    11 ||    11
         Brom's Barrelling |       |       |       |     4 ||     4
 Armour: Robe              |    25 |    42 |     3 |       ||    70
         Leather armour    |       |       |    77 |    47 ||   124
  Dodge: Dodged            |    25 |    31 |    41 |    23 ||   120
  Block: Buckler           |       |       |    17 |    13 ||    30
